AoeStats
← Epyon_13th

Black Forest

505318962Analyzed
2v2 RM · 24d ago on Sep 8, 2026· 61m 28s· 4 players
Game mode
Random Map
Map size
Medium (4 player)
Population
200
Speed
Normal
Resources
Standard
Victory
Conquest
Starting age
Dark Age
Ending age
Imperial Age
RankedLock teamsTeams togetherTeam positionsShared explorationLock speedFull tech treeHidden civsTurbo modeCheats
Victory
Defeat
🇩🇪 Celts · Germany
892
+16
🇩🇪 Burgundians · Germany
872
+17
🇲🇽 Poles · Mexico
900
-48
🇧🇷 Lithuanians · Brazil
878
-16
CarameloDe12
11:18 Feudal Age
14:49 Castle Age
13:04 Double-Bit Axe
13:01 Horse Collar
18:59 Bow Saw
19:56 Heavy Plow
24:13 Wheelbarrow
24:13 Gold Mining
26:50 Hand Cart
30:41 Imperial Age
29:54 Caravan
29:45 Loom
30:27 Treadmill Crane
31:02 Forging
30:57 Scale Barding Armor
31:14 Stone Mining
32:27 Chemistry
30:53 Onager
32:47 Two-Man Saw
32:57 Iron Casting
32:43 Town Watch
33:26 Chain Barding Armor
33:50 Guilds
34:23 Crop Rotation
35:24 Ballistics
36:27 Bloodlines
36:17 Husbandry
37:29 Plate Barding Armor
36:28 Elite Leitis
37:30 Conscription
37:46 Fletching
39:26 Town Patrol
39:24 Bodkin Arrow
41:15 Hill Forts
41:51 Hoardings
41:39 Bombard Tower
41:29 Masonry
41:16 Murder Holes
46:46 Coinage
48:06 Bracer
48:07 Padded Archer Armor
48:07 Elite Skirmisher
48:52 Thumb Ring
49:19 Architecture
49:00 Crossbowman
50:57 Leather Archer Armor
50:43 Heavy Cavalry Archer
51:49 Heated Shot
52:10 Fortified Wall
52:33 Ring Archer Armor
Epyon_13th
8:02 Loom
10:06 Feudal Age
19:40 Castle Age
20:46 Double-Bit Axe
21:05 Elite Skirmisher
23:17 Bow Saw
23:18 Gold Mining
31:48 Imperial Age
31:11 Thumb Ring
31:01 Fletching
31:17 Scale Barding Armor
32:25 Capped Ram
32:43 Pikeman
34:08 Siege Ram
39:49 Heavy Cavalry Archer
40:31 Bodkin Arrow
40:53 Cavalier
43:23 Husbandry
43:45 Bloodlines
44:36 Chain Barding Armor
44:29 Forging
59:54 Onager
Amir
0:38 Loom
11:23 Double-Bit Axe
11:42 Horse Collar
14:56 Feudal Age
15:55 Heavy Plow
20:56 Wheelbarrow
20:07 Town Watch
20:51 Gold Mining
20:51 Stone Mining
21:38 Bow Saw
25:57 Castle Age
24:49 Scale Mail Armor
25:36 Scale Barding Armor
25:22 Fletching
25:44 Padded Archer Armor
26:46 Bodkin Arrow
28:04 Crop Rotation
28:38 Two-Man Saw
28:20 Gold Shaft Mining
28:22 Stone Shaft Mining
30:58 Hand Cart
31:16 Pikeman
31:57 Squires
31:42 Arson
32:29 Masonry
32:37 Town Patrol
37:16 Imperial Age
35:09 Caravan
36:03 Chain Mail Armor
35:59 Forging
37:49 Burgundian Vineyards
38:48 Halberdier
39:33 Bracer
40:08 Iron Casting
40:53 Plate Mail Armor
40:44 Chain Barding Armor
41:22 Cavalier
42:03 Husbandry
42:41 Hoardings
41:37 Sappers
42:28 Conscription
44:36 Blast Furnace
43:52 Leather Archer Armor
43:44 Paladin
45:31 Chemistry
44:13 Treadmill Crane
49:24 Plate Barding Armor
48:12 Elite Coustillier
Msay
0:37 Loom
12:47 Feudal Age
13:52 Double-Bit Axe
14:02 Horse Collar
22:48 Castle Age
21:16 Stone Mining
21:33 Gold Mining
21:58 Fletching
23:50 Bow Saw
23:53 Heavy Plow
24:27 Bodkin Arrow
26:05 Wheelbarrow
31:12 Imperial Age
30:18 Gold Shaft Mining
30:55 Fortified Wall
31:05 Town Watch
32:56 Chemistry
32:34 Conscription
33:29 Hand Cart
34:37 Ballistics
34:12 Onager
37:02 Scale Mail Armor
37:12 Forging
37:24 Furor Celtica
39:14 Siege Engineers
40:43 Pikeman
41:43 Siege Onager
42:58 Chain Mail Armor
44:16 Hoardings
44:00 Stronghold
46:02 Plate Mail Armor
46:07 Iron Casting
46:14 Arson
48:53 Masonry
48:24 Treadmill Crane
48:39 Murder Holes
48:35 Gambesons
51:41 Blast Furnace
50:47 Scale Barding Armor
51:14 Caravan
51:34 Elite Woad Raider
52:27 Husbandry
56:58 Halberdier
Connection lost

Rejoining the realm…

Still unreachable

The connection could not be restored.

Session expired

The server has moved on; the page needs a fresh start.